 Dungeon Crawl Stone Soup version 0.28.0-49-g6dfe1f597d (webtiles) character file.

Game seed: 5253482294228136581

9348 101zpm the Thaumaturge (level 11, -3/58 HPs)
             Began as a Djinni Fire Elementalist on May 15, 2022.
             Was a Priest of Hepliaklqana.
             Slain by a red ugly thing (7 damage)
             ... on level 11 of the Dungeon.
             The game lasted 00:30:29 (14695 turns).

101zpm the Thaumaturge (Djinni Fire Elementalist)  Turns: 14695, Time: 00:30:30

Health: -3/58      AC:  8    Str:  7    XL:     11   Next: 72%
Gold:   722        EV: 12    Int: 20    God:    Hepliaklqana [***...] SH:  4 Dex: 15

rFire   + + .      SeeInvis .   (no weapon)
rCold   . . .      Faith    .   w - +1 buckler {reflect}
rNeg    . . .      Spirit   .   o - +3 leather armour of Yrheavv Cyam {rC+ rCorr Stlth-}
rPois   ∞          Reflect  +   (no helmet)
rElec   .          Harm     .   B - +1 cloak
rCorr   +          Rampage  .   (no gloves)
Will    +....                   (boots unavailable)
Stlth   +.........              s - amulet of the acrobat
HPRegen 0.19/turn               A - +4 ring of slaying
MPRegen 0.00/turn               (no ring)

@: flying
A: reduced essence, sickness immunity, fire resistance 2, cold vulnerability 1,
float, innate caster, HP casting, extra vitality 1
a: Renounce Religion, Ancestor Life: Knight, Ancestor Life: Battlemage, Ancestor
Life: Hexer, Recall Ancestor, Ancestor Identity, Transference


You were on level 11 of the Dungeon.
You worshipped Hepliaklqana.
Hepliaklqana was most pleased with you.
You visited 2 branches of the dungeon, and saw 12 of its levels.

You collected 722 gold pieces.

Inventory:

Missiles
 m - 2 throwing nets
Armour
 n - a +2 chain mail of cold resistance
 o - the +3 leather armour of Yrheavv Cyam (worn) {rC+ rCorr Stlth-}
   (You found it on level 4 of the Dungeon)

   rC:        It protects you from cold.
   rCorr:     It protects you from acid and corrosion.
   Stlth:     It makes you less stealthy.
 w - a +1 buckler of reflection (worn)
 B - a +1 cloak (worn)
Jewellery
 j - an amulet of faith
 s - an amulet of the acrobat (around neck)
 A - a +4 ring of slaying (left hand)
 D - a +6 ring of strength
Scrolls
 a - a scroll of identify
 g - 2 scrolls of fear
 k - 2 scrolls of brand weapon
 l - a scroll of immolation {unknown}
 p - 2 scrolls of summoning
 u - a scroll of torment
 v - 4 scrolls of magic mapping
 x - a scroll of noise
 y - a scroll of amnesia
 C - a scroll of teleportation {unknown}
Potions
 b - 3 potions of might {unknown}
 c - 4 potions of haste {unknown}
 d - 5 potions of lignification {unknown}
 e - a potion of mutation {unknown}
 f - 2 potions of cancellation {unknown}
 h - 3 potions of curing {unknown}
 i - a potion of attraction {unknown}
 q - a potion of invisibility {unknown}
 r - a potion of degeneration {unknown}
 t - 2 potions of heal wounds {unknown}
 z - 2 potions of flight {unknown}
 E - a potion of brilliance {unknown}
 F - a potion of berserk rage {unknown}
 G - a potion of ambrosia {unknown}


   Skills:
 + Level 0.2 Fighting
 + Level 4.4 Armour
 + Level 3.1 Dodging
 + Level 3.4 Stealth
 + Level 12.9 Spellcasting


You had 9 spell levels left.
You knew the following spells:

 Your Spells              Type           Power      Damage    Failure   Level
a - Foxfire               Conj/Fire      100%       2x1d9     1%          1
b - Scorch                Fire           100%       2d10      1%          2
c - Conjure Flame         Conj/Fire      59%        6-21      1%          3
d - Inner Flame           Hex/Fire       59%        N/A       1%          3
e - Flame Wave            Conj/Fire      59%        2d11      1%          4
f - Freeze                Ice            100%       1d11      1%          1
g - Wereblood             Tmut           59%        N/A       1%          2
h - Stone Arrow           Conj/Erth      100%       3d13      1%          3
i - Lesser Beckoning      Tloc           59%        N/A       1%          3
j - Hailstorm             Conj/Ice       59%        3d13      1%          4
Your spell library was empty.

Dungeon Overview and Level Annotations

Branches:
Dungeon (11/15)            Temple (1/1) D:6
   Lair: D:8-11         Orc: D:9-12

Altars:
Ashenzari
Cheibriados
Dithmenos
Elyvilon
Fedhas
Gozag
Hepliaklqana
Kikubaaqudgha
Makhleb
Nemelex Xobeh
Okawaru
Qazlal
Ru
Sif Muna
Trog
Uskayaw
Vehumet
Wu Jian
Xom
Yredelemnul
Zin
The Shining One
Beogh
Jiyva

Shops:
D:4 =

Annotations:
D:3 1 runed translucent door, Exodus22XD's ghost, weakling MiFi
D:5 1 runed translucent door, Sensen's ghost, novice OgAM
D:8 3 runed translucent doors, qipq's ghost, novice DsVM


Innate Abilities, Weirdness & Mutations

Your life essence is reduced to manifest your ancestor. (-10% HP)
You are immune to sickness and miasma.
You are immune to poison.
Your flesh is very heat resistant. (rF++)
You are vulnerable to cold. (rC-)
You float through the air rather than walking.
You learn spells naturally, not from books.
Your magical power is your life essence.
You have superior vitality. (+4 MHP)


Message History

The red ugly thing is lightly wounded.
Casting: Foxfire (safe; 1% risk of failure)
Press: ? - help, Q - select action, (/) - cycle Dir - look around, f - activate You conjure some foxfire!
* * * LOW HITPOINT WARNING * * *
The foxfire hits the red ugly thing but does no damage.
The red ugly thing is lightly wounded.
The red ugly thing is engulfed in blazing flames.
Flame seeps out of the red ugly thing.
Casting: Foxfire (safe; 1% risk of failure)
Press: ? - help, Q - select action, (/) - cycle Dir - look around, f - activate You conjure some foxfire!
* * * LOW HITPOINT WARNING * * *
The foxfire hits the red ugly thing but does no damage.
The red ugly thing is lightly wounded.
The foxfire hits the red ugly thing but does no damage.
The red ugly thing is lightly wounded.
The red ugly thing is engulfed in blazing flames.
Flame seeps out of the red ugly thing.
Casting: Foxfire (safe; 1% risk of failure)
Confirm with . or Enter, or press ? or * to list all spells.
Flames lash the red ugly thing.
The red ugly thing resists.
Flame seeps out of the red ugly thing.
The red ugly thing is moderately wounded.
The red ugly thing's fire resistance burns away.
* * * LOW HITPOINT WARNING * * *
The foxfire hits the red ugly thing.
Flame seeps out of the red ugly thing.
The red ugly thing is moderately wounded.
The foxfire hits the red ugly thing.
Flame seeps out of the red ugly thing.
The red ugly thing is moderately wounded.
The red ugly thing is engulfed in blazing flames.
Flame seeps out of the red ugly thing.
The red ugly thing is no longer more vulnerable to fire.
There is an open door here.
The red ugly thing misses you.
There is a stone staircase leading up here.
The red ugly thing gores you!
* * * LOW HITPOINT WARNING * * *
You are engulfed in flames!
You resist.
You die...

###.### #######
#.....# #.....#
#.....# #.....##
#.....# #.......
#.....# ####.....>.
#.....# #..'.......
#.....###.##.......
#.........##.......
#.@u..#############
#######


You could see a red ugly thing (inner flame).

Vanquished Creatures
  Josephine (D:10)
  A two-headed ogre (D:8)
  Maggie (D:8)
  A hornet (D:9)
  A wyvern (D:11)
  3 wraiths (D:10)
  2 steam dragons
  12 yaks
  Eustachio (D:5)
  A basilisk (D:11)
  A vampire mosquito (D:6)
  2 swamp worms (D:7)
  2 orc warriors (D:8)
  An ice beast (D:5)
  A black bear (D:11)
  2 sky beasts
  A hornet zombie (D:7)
  An ogre (D:5)
  A necrophage (D:5)
  2 centaurs
  2 kobold brigands
  2 bullfrogs
  2 scorpions
  A water moccasin zombie (D:6)
  A wyvern skeleton (D:7)
  14 killer bees
  11 wights
  2 howler monkeys (D:7)
  A bullfrog zombie (D:5)
  3 centaur zombies
  4 orc priests
  2 gnoll shamans (D:7)
  A hound (D:7)
  A jelly (D:5)
  2 iguanas
  5 orc wizards
  A hound skeleton (D:4)
  3 adders
  13 gnolls
  2 white imps (D:6)
  2 ufetubi
  4 worms
  19 dart slugs
  20 orcs
  5 endoplasms
  4 giant cockroaches
  5 goblins
  7 hobgoblins
  4 jackals (D:3)
  13 kobolds
  3 quokkas
  3 ball pythons
  4 bats
  2 frilled lizards (D:2)
  6 rats
212 creatures vanquished.

Vanquished Creatures (collateral kills)
  A troll (D:9)
  A yak (D:9)
  A water moccasin (D:6)
  A centaur (D:8)
  A killer bee (D:7)
  A wight (D:9)
  A hound (D:5)
  2 kobolds (D:6)
  8 foxfires (D:7)
17 creatures vanquished.

Vanquished Creatures (others)
  An ancestor (D:10)
  864 foxfires
  4 plants (D:7)
869 creatures vanquished.

Grand Total: 1098 creatures vanquished

Notes
Turn   | Place    | Note
-------+----------+-------------------------------------------
     0 | D:1      | 101zpm the Djinni Fire Elementalist began the quest for the
                  | Orb.
     0 | D:1      | Reached XP level 1. HP: 15/15 MP: 0/0
   382 | D:1      | Reached XP level 2. HP: 18/21 MP: 0/0
   572 | D:2      | Reached skill level 3 in Spellcasting
   574 | D:2      | Reached XP level 3. HP: 11/25 MP: 0/0
   574 | D:2      | Learned a level 1 spell: Freeze
   775 | D:2      | Found a glowing golden altar of the Shining One.
  1054 | D:2      | Reached XP level 4. HP: 28/31 MP: 0/0
  2646 | D:3      | Reached XP level 5. HP: 30/35 MP: 0/0
  2646 | D:3      | Learned a level 2 spell: Wereblood
  2652 | D:3      | Reached skill level 4 in Spellcasting
  3203 | D:3      | Found a faded altar of an unknown god.
  3790 | D:3      | Found a runed translucent door.
  3796 | D:3      | Noticed Exodus22XD's ghost (weakling MiFi)
  4239 | D:4      | Reached XP level 6. HP: 26/40 MP: 0/0
  4662 | D:4      | Found Uthrel's Jewellery Emporium.
  4790 | D:4      | Reached skill level 5 in Spellcasting
  5142 | D:4      | Identified the +3 leather armour of Yrheavv Cyam {rC+ rCorr
                  | Stlth-}
  5160 | D:5      | Entered Level 5 of the Dungeon
  5165 | D:5      | Reached XP level 7. HP: 23/45 MP: 0/0
  5165 | D:5      | Learned a level 3 spell: Stone Arrow
  5474 | D:5      | Reached skill level 6 in Spellcasting
  5857 | D:5      | Noticed Eustachio
  5896 | D:5      | HP: 1/45 [ufetubus[Eustachio] (2)]
  6223 | D:6      | Reached XP level 8. HP: 43/50 MP: 0/0
  6530 | D:6      | Found a staircase to the Ecumenical Temple.
  6539 | Temple   | Entered the Ecumenical Temple
  6882 | Temple   | Became a worshipper of Hepliaklqana the Forgotten
  6965 | D:7      | Reached skill level 1 in Armour
  7001 | D:7      | Noticed a yak
  7001 | D:7      | Noticed a yak
  7003 | D:7      | Noticed a yak
  7004 | D:7      | Noticed a yak
  7005 | D:7      | Killed a yak
  7006 | D:7      | Killed a yak
  7007 | D:7      | Reached skill level 7 in Spellcasting
  7007 | D:7      | Noticed a yak
  7009 | D:7      | Killed a yak
  7013 | D:7      | Killed a yak
  7014 | D:7      | Reached XP level 9. HP: 22/55 MP: 0/0
  7014 | D:7      | Learned a level 3 spell: Lesser Beckoning
  7017 | D:7      | Reached skill level 8 in Spellcasting
  8203 | D:7      | Reached skill level 9 in Spellcasting
  8501 | D:7      | Reached * piety under Hepliaklqana
  9492 | D:6      | Reached XP level 10. HP: 49/54 MP: 0/0
  9819 | D:5      | Killed Eustachio
 10154 | D:5      | Reached skill level 10 in Spellcasting
 10237 | D:5      | Found a runed translucent door.
 10241 | D:5      | Noticed Sensen's ghost (novice OgAM)
 10900 | D:8      | Noticed a two-headed ogre
 10905 | D:8      | Killed a two-headed ogre
 11336 | D:8      | Noticed Maggie
 11342 | D:8      | Killed Maggie
 11361 | D:8      | Reached skill level 11 in Spellcasting
 11722 | D:8      | Reached ** piety under Hepliaklqana
 11797 | D:8      | Found a runed translucent gate.
 11797 | D:8      | Found a runed translucent gate.
 11797 | D:8      | Found a runed translucent gate.
 11914 | D:8      | Noticed qipq's ghost (novice DsVM)
 11919 | D:8      | Found a viscous altar of Jiyva.
 12433 | D:10     | Entered Level 10 of the Dungeon
 12472 | D:10     | Noticed Josephine
 12480 | D:10     | Reached XP level 11. HP: 32/58 MP: 0/0
 12480 | D:10     | Learned a level 4 spell: Hailstorm
 12480 | D:10     | Killed Josephine
 12652 | D:9      | Reached skill level 12 in Spellcasting
 12765 | D:9      | Found an ornate altar of the Wu Jian Council.
 13200 | D:9      | Reached *** piety under Hepliaklqana
 13366 | D:9      | Found a snail-covered altar of Cheibriados.
 14158 | D:10     | Found a sparkling altar of Nemelex Xobeh.
 14674 | D:11     | Noticed a red ugly thing
 14695 | D:11     | Slain by a red ugly thing

Illustrated notes

Levels and vault maps discovered:
D:1:      eino_arrival_druids_welcome, layout_basic
D:2:      layout_loops_ring, basic_altar, minmay_misc_feat_rows
D:3:      kennysheep_slugbush, layout_rooms,
          hellmonk_ecumenical_altar_heavens_door, ebering_ghost_sewer_d,
          minivault_5
D:4:      layout_rooms, serial_shops, nicolae_shop_advertising_works
          [nicolae_subvault_shop_adworks], serial_rivers,
          chequers_serial_rivers_micro_d, chequers_serial_rivers_micro_d,
          chequers_serial_rivers_large_a, chequers_serial_rivers_small_3,
          chequers_serial_rivers_room_a, chequers_serial_rivers_room_a,
          kennysheep_orc_chapel
D:5:      layout_basic, ebering_ghost_reflecting_pool, uniq_eustachio
D:6:      layout_loops_ring, temple_green, roderic_lattice_a,
          minmay_fractal_squares_gapless_5
D:7:      layout_gridville, enter_ossuary_1, worms_lemuel
D:8:      layout_cave_pools, gammafunk_ghost_ooze, grunt_decor_junction,
          uniq_maggie
D:9:      layout_roguey, mainiacjoe_overflow_large_starburst
D:10:     layout_roguey, nemelex_spade_bored_becter, uniq_josephine
D:11:     layout_roguey, david_lair_generic, erik_orc_3, serial_shops, shop,
          shop, shop_fountains, shop
Temple:   mainiacjoe_temple_bowtie_tessellation

Skill      XL: |  1  2  3  4  5  6  7  8  9 10 11 |
---------------+----------------------------------+-----
Spellcasting   | 3 4 5 6 7 9 11 12 | 12.9
Stealth        | 2 3 |  3.4
Armour         | 2 3 4 |  4.4
Dodging        | 3 |  3.1
Fighting       | |  0.2

Action                   |  1- 3 |  4- 6 |  7- 9 | 10-12 || total
-------------------------+-------+-------+-------+-------++-------
 Cast: Foxfire           |    43 |   213 |   141 |   153 ||   550
       Scorch            |     7 |    38 |    32 |    58 ||   135
       Inner Flame       |       |     2 |    34 |    62 ||    98
       Stone Arrow       |       |       |     1 |       ||     1
  Use: Scroll            |       |       |     5 |     3 ||     8
Armor: Robe              |       |     3 |       |       ||     3
       Leather armour    |       |     1 |     8 |    13 ||    22
Dodge: Dodged            |       |     8 |     9 |    24 ||    41
Block: Buckler           |       |       |       |     1 ||     1
